 Dungeon Crawl Stone Soup version 0.25.0-11-g1f837a76a1 (webtiles) character file.

Game seed: 4341499617030265094

142 Ijustatesigmund the Chopper (level 5, -2/45 HPs)
             Began as a Hill Orc Monk on June 24, 2020.
             Slain by an adder (4 damage)
             ... on level 5 of the Dungeon.
             The game lasted 00:03:47 (2224 turns).

Ijustatesigmund the Chopper (Hill Orc Monk)         Turns: 2224, Time: 00:03:48

Health: -2/45      AC:  3    Str: 15    XL:     5   Next: 24%
Magic:  5/5        EV: 13    Int: 10    God:
Gold:   79         SH:  0    Dex: 13    Spells: 4/4 levels left

rFire    . . .     SeeInvis .   a - +0 hand axe
rCold    . . .     Gourm    .   (no shield)
rNeg     . . .     Faith    .   b - +0 robe
rPois    .         Spirit   .   (no helmet)
rElec    .         Reflect  .   (no cloak)
rCorr    .         Harm     .   (no gloves)
MR       .....                  g - +0 pair of boots
Stlth    ++........             (no amulet)
HPRegen  0.15/turn              (no ring)
MPRegen  0.09/turn              (no ring)

@: lethally poisoned (-2 -> -18)
A: no striking features
a: no special abilities


You were on level 5 of the Dungeon.
You were not hungry.

You visited 1 branch of the dungeon, and saw 4 of its levels.

You collected 79 gold pieces.

Inventory:

Hand Weapons
 a - a +0 hand axe (weapon)
 h - a +1 whip of venom
Missiles
 j - 4 poisoned darts (quivered)
Armour
 b - a +0 robe (worn)
 g - a +0 pair of boots (worn)
Scrolls
 d - 2 scrolls of identify
 e - a scroll of blinking
 f - a scroll of fog {unknown}
 i - 2 scrolls of teleportation
Comestibles
 c - 4 rations


   Skills:
 - Level 3.6 Fighting
 + Level 7.6 Axes
 - Level 2.4 Dodging
 - Level 1.5 Stealth


You had 4 spell levels left.
You didn't know any spells.
Your spell library was empty.

Dungeon Overview and Level Annotations

Branches:
Dungeon (3/15)             Temple (0/1) D:5

Altars:
Elyvilon
Wu Jian

Portals:
Sewer: D:5

Annotations:
D:2 Sigmund


Message History

You are lethally poisoned!
The adder poisons you!
You hit the adder.
The adder is almost dead.
* * * LOW HITPOINT WARNING * * *
You feel sick.
You kill the adder!
You barely miss the adder.
* * * LOW HITPOINT WARNING * * *
You feel sick. The adder bites you.
* * * LOW HITPOINT WARNING * * *
You are more poisoned.
The adder poisons you! The adder bites you.
* * * LOW HITPOINT WARNING * * *
You aren't carrying any potions.
You hit the adder.
The adder is severely wounded.
* * * LOW HITPOINT WARNING * * *
You feel sick. The adder bites you.
You die...

#.# ##.## #.....
#.#########...####...<..
................(+.........+
#.##.######...#............#
#.##.# #...##..#######..#
#.##.# #.#.# #.#≈≈≈≈≈#..#
..[..# #...# #s'≈≈∩≈≈#..#
#.##.# ##.## #S#≈≈≈≈≈#..#
#.##.# #.# #@#######.##
.....# #.# #..........#
..#### ###.##
#######...######. ### #....#
##..#........ #.#..#
#.....####### #.#..# ##...##
#.#..#######.)..##
#.#..............#
#.##.######......#


You could see an adder and a giant cockroach.

Vanquished Creatures
  A crimson imp (D:5)
  A hound (D:5)
  3 adders
  An ooze (D:2)
  2 worms (D:2)
  A dart slug (D:1)
  A leopard gecko (D:1)
  7 bats
  4 giant cockroaches
  5 goblins
  3 hobgoblins
  5 frilled lizards
  4 kobolds
  4 rats
42 creatures vanquished.

Notes
Turn   | Place    | Note
-------+----------+-------------------------------------------
     0 | D:1      | Ijustatesigmund the Hill Orc Monk began the quest for the
                  | Orb.
     0 | D:1      | Reached XP level 1. HP: 19/19 MP: 1/1
   302 | D:1      | Reached XP level 2. HP: 23/26 MP: 2/2
   581 | D:1      | Reached skill level 5 in Axes
  1146 | D:2      | Reached XP level 3. HP: 31/31 MP: 3/3
  1739 | D:2      | Reached skill level 6 in Axes
  1767 | D:2      | Found an ornate altar of the Wu Jian Council.
  1843 | D:2      | Found a white marble altar of Elyvilon.
  1923 | D:2      | Noticed Sigmund
  1956 | D:3      | Reached XP level 4. HP: 39/39 MP: 4/4
  1975 | D:3      | You fall into a shaft and drop 2 floors!
  1975 | D:5      | Entered Level 5 of the Dungeon
  1975 | D:5      | Found a staircase to the Ecumenical Temple.
  1987 | D:5      | Reached skill level 7 in Axes
  2179 | D:5      | Reached XP level 5. HP: 33/45 MP: 5/5
  2180 | D:5      | Found a glowing drain.
  2224 | D:5      | HP: 2/45 [poisoned by an adder]
  2224 | D:5      | Slain by an adder

Illustrated notes

Levels and vault maps discovered:
D:1:      dpeg_arrival_snail, layout_basic, grunt_decor_fettered
D:2:      layout_loops_ring, old_standard_altar, grunt_gozag_statues,
          nicolae_overflow_hidden_temple, lemuel_crystal_altar,
          minmay_close_crescents, uniq_robin, uniq_sigmund
D:3:      layout_rooms, old_standard_altar
D:5:      layout_loops_corners, trog_eyes_of_draining, temple_pool_b,
          serial_undead, serial_undead_f, serial_undead_f, serial_undead_d,
          serial_undead_b, gup_sewer_entry_glass, okawaru_metal_pillars_1_2

Skill      XL: |  1  2  3  4 |
---------------+-------------+-----
Axes           | 5 6 7 |  7.6
Fighting       | |  3.6
Dodging        | |  2.4
Stealth        | |  1.5

Action                   |  1- 3 |  4- 6 || total
-------------------------+-------+-------++-------
Melee: Hand axe          |   134 |    39 ||   173
Throw: Dart              |     9 |    10 ||    19
  Use: Scroll            |     3 |       ||     3
 Stab: Sleeping          |     4 |       ||     4
  Eat: Chunk             |     3 |     1 ||     4
Armor: Robe              |    40 |     6 ||    46
Dodge: Dodged            |   108 |    28 ||   136
